 Dungeon Crawl Stone Soup version 0.17.0-56-gd8de76c (webtiles) character file.

1939 fredomojojo the Destroyer (level 8, -4/44 HPs)
             Began as a Deep Elf Conjurer on Dec 4, 2015.
             Was an Initiate of Sif Muna.
             Slain by an ogre
             ... wielding a +0 giant club
              (18 damage)
             ... on level 6 of the Dungeon.
             The game lasted 01:27:07 (5980 turns).

fredomojojo the Destroyer (Deep Elf Conjurer)       Turns: 5980, Time: 01:27:07

Health: -4/44      AC: 12    Str:  5    XL:     8   Next: 98%
Magic:  8/21       EV: 16    Int: 23    God:    Sif Muna [......]
Gold:   302        SH:  0    Dex: 15    Spells: 4 memorised, 12 levels left

rFire  . . .     SeeInvis .     y - +4 quarterstaff (chaos)
rCold  . . .     Clarity  .     a - +1 robe
rNeg   . . .     SustAt   +     (shield currently unavailable)
rPois  .         Gourm    .     (no helmet)
rElec  .         Spirit   .     i - +2 cloak
rCorr  .         Warding  .     (no gloves)
rMut   .         Stasis   .     (no boots)
MR     .....                    n - amulet of rage
Stlth  +++.......               (no ring)
                                m - ring of sustain attributes

@: very slightly contaminated, not resistant to hostile enchantments, fairly
stealthy
A: iridescent scales 1, yellow scales 1, slow regeneration 1, wild magic 1
a: Renounce Religion, Evoke Berserk Rage


You were on level 6 of the Dungeon.
You worshipped Sif Muna.
Sif Muna was noncommittal.
You were not hungry.

You visited 2 branches of the dungeon, and saw 7 of its levels.

You collected 302 gold pieces.

Inventory:

Hand Weapons
 c - a +0 short sword
 d - a +0 dagger of venom
 h - a +0 whip of electrocution
 j - a +0 shortbow
 y - a +4 quarterstaff of chaos (weapon)
 E - a +0 long sword of protection
Missiles
 e - 64 stones (quivered)
 B - 42 arrows
Armour
 a - a +1 robe (worn)
 i - a +2 cloak (worn)
 p - a +0 robe
Jewellery
 m - a ring of sustain attributes (left hand)
 n - an amulet of rage (around neck)
Wands
 u - a wand of flame (22)
Scrolls
 f - a scroll of noise {unknown}
 s - a scroll of magic mapping
 t - a scroll of remove curse
 w - a scroll of identify
 A - a scroll of immolation {unknown}
 C - a scroll of recharging {unknown}
 D - a scroll of enchant weapon {unknown}
Potions
 g - 2 potions of resistance
 k - a potion of heal wounds
 l - a potion of might
 q - a potion of haste
 r - a potion of mutation
 x - a potion of berserk rage
Books
 b - a book of Conjurations

   Spells                             Type                      Level
   a - Magic Dart                     Conjuration                  1
   b - Searing Ray                    Conjuration                  2
   c - Dazzling Spray                 Conjuration/Hexes            3
   d - Fulminant Prism                Conjuration/Hexes            4
   e - Iskenderun's Mystic Blast      Conjuration                  4
   f - Iskenderun's Battlesphere      Conjuration/Charms           5
Comestibles
 o - a bread ration


   Skills:
 + Level 2.2 Fighting
 + Level 2.0 Short Blades
 + Level 0.1(1.1) Long Blades
 + Level 0.2 Maces & Flails
 + Level 0.4 Throwing
 + Level 6.3 Dodging
 + Level 6.4 Stealth
 + Level 7.7 Spellcasting
 + Level 8.1 Conjurations
 + Level 2.2 Hexes
 + Level 0.9 Evocations


You had 12 spell levels left.
You knew the following spells:

 Your Spells              Type           Power        Failure   Level  Hunger
a - Magic Dart            Conj           ####         1%          1    None
b - Searing Ray           Conj           ######       2%          2    None
c - Dazzling Spray        Conj/Hex       #####...     7%          3    None
d - Iskenderun's Mystic   Conj           ######..     7%          4    ###....


Dungeon Overview and Level Annotations

Branches:
Dungeon (6/15)             Temple (1/1) D:4

Altars:
Ashenzari
Cheibriados
Dithmenos
Elyvilon
Fedhas
Gozag
Kikubaaqudgha
Nemelex Xobeh
Okawaru
Qazlal
Ru
Sif Muna
Trog
Yredelemnul
The Shining One

Annotations:
D:5 1 runed door, schauveau's ghost, amateur GrBe


Innate Abilities, Weirdness & Mutations

You are partially covered in iridescent scales (AC +4).
You are partially covered in yellow scales (AC +2).
You regenerate slowly when monsters are visible.
Your spells are a little harder to cast, but a little more powerful.


Message History

The ogre misses you.
You closely miss the ogre.
The ogre is heavily wounded.
The ogre barely misses you.
You strike the helpless ogre from behind!
You hit the ogre. You freeze the ogre.
The ogre is severely wounded.
The ogre is no longer blind.
The ogre completely misses you.
You hit the ogre.
You heal the ogre.
The ogre is severely wounded. x2
The ogre barely misses you.
Casting: Dazzling Spray
Confirm with . or Enter, or press ? or * to list all spells.
Aiming: Magic Dart
Press: ? - help, Shift-Dir - straight line, f - ogre
Aim: an ogre, wielding a giant club (severely wounded)
The magic dart hits the ogre.
The ogre is severely wounded.
The ogre hits you with a giant club!!
You die...

.#.##.#.#..##########.##......
.#.# .#.#.. #........... .#.#
.# #..# #......#.## .# ....
#......# ...# ..... #......#
...... .....## #####..# .#.###
....... ####..# .. ...#
......)####.....#..# #. .#.#
......O@(.(........# .. ...#
.......####.###....# #.
...#### ..... ....####. .
#......#.#>......
..........#..####?
###......#.#.......
..#....#.#.#####.
............. ..#. ###..##.#.


You could see an ogre.

Vanquished Creatures
  Pikel (D:5)
  A phantom (D:5)
  2 ogres
  A black bear (D:6)
  4 slaves (D:5)
  2 centaurs
  2 scorpions
  4 killer bees
  A crimson imp (D:6)
  3 orc priests
  Crazy Yiuf (D:4)
  A hound (D:5)
  Jessica (D:2)
  A gnoll shaman (D:5)
  4 orc wizards
  5 worker ants (D:5)
  A hound skeleton (D:3)
  A worker ant zombie (D:5)
  4 adders
  6 gnolls (D:5)
  A shadow imp (D:6)
  An ooze (D:5)
  2 worms (D:3)
  An adder skeleton (D:4)
  3 giant geckos (D:4)
  12 orcs
  4 bats (D:1)
  10 goblins
  14 hobgoblins
  7 kobolds
  4 quokkas
  2 ball pythons
  14 giant cockroaches
  A giant cockroach zombie (D:5)
  A giant gecko skeleton (D:5)
  4 giant newts
  4 rats
  A spectral orc (D:5)
  A butterfly (D:5)
133 creatures vanquished.

Notes
Turn   | Place    | Note
--------------------------------------------------------------
     0 | D:1      | fredomojojo the Deep Elf Conjurer began the quest for the Orb.
     0 | D:1      | Reached XP level 1. HP: 10/10 MP: 6/6
   205 | D:1      | Reached XP level 2. HP: 10/15 MP: 2/8
   469 | D:1      | Reached skill level 5 in Conjurations
   473 | D:1      | Learned a level 2 spell: Searing Ray
   925 | D:2      | Noticed Jessica
   953 | D:2      | Reached XP level 3. HP: 15/19 MP: 3/9
  1050 | D:2      | Found a sparkling altar of Nemelex Xobeh.
  1158 | D:2      | Killed Jessica
  1242 | D:2      | Reached XP level 4. HP: 24/24 MP: 8/11
  1678 | D:3      | Reached XP level 5. HP: 11/28 MP: 5/13
  1871 | D:3      | Reached skill level 6 in Conjurations
  2171 | D:3      | Learned a level 3 spell: Dazzling Spray
  2791 | D:4      | Found a staircase to the Ecumenical Temple.
  2795 | D:4      | Reached XP level 6. HP: 32/32 MP: 12/15
  2855 | D:4      | Noticed Crazy Yiuf
  2863 | D:4      | Killed Crazy Yiuf
  2965 | D:5      | Entered Level 5 of the Dungeon
  3027 | D:5      | Reached skill level 5 in Spellcasting
  3066 | D:5      | Found a runed door.
  3072 | D:5      | Reached skill level 1 in Hexes
  3076 | D:5      | Found a runed door.
  3079 | D:5      | Reached XP level 7. HP: 37/37 MP: 11/17
  3117 | D:5      | Reached skill level 1 in Fighting
  3167 | D:5      | Found a stormy altar of Qazlal.
  3341 | D:4      | Noticed an ogre
  3451 | D:4      | Killed an ogre
  3451 | D:4      | Reached skill level 5 in Stealth
  3451 | D:4      | Reached skill level 7 in Conjurations
  4022 | D:5      | Found a basalt altar of Yredelemnul.
  4061 | D:5      | Found a shadowy altar of Dithmenos.
  4061 | D:5      | Found an opulent altar of Gozag.
  4160 | D:5      | Noticed Pikel
  4227 | D:5      | Reached XP level 8. HP: 26/43 MP: 4/19
  4391 | D:5      | Noticed schauveau's ghost (amateur GrBe)
  4963 | D:6      | Reached skill level 5 in Dodging
  5029 | D:6      | Reached skill level 1 in Short Blades
  5045 | D:6      | Gained mutation: You are partially covered in iridescent scales (AC +4). [potion of beneficial mutation]
  5047 | D:6      | Gained mutation: You are partially covered in yellow scales (AC +2). [potion of mutation]
  5047 | D:6      | Gained mutation: Your spells are a little harder to cast, but a little more powerful. [potion of mutation]
  5047 | D:6      | Gained mutation: You regenerate slowly when monsters are visible. [potion of mutation]
  5065 | D:6      | HP: 2/43 [poisoned by a killer bee]
  5070 | D:6      | HP: 1/43 [poisoned by a killer bee]
  5378 | D:6      | Learned a level 4 spell: Iskenderun's Mystic Blast
  5538 | D:5      | Killed Pikel
  5538 | D:5      | Reached skill level 8 in Conjurations
  5694 | Temple   | Entered the Ecumenical Temple
  5833 | Temple   | Became a worshipper of Sif Muna the Loreminder
  5980 | D:6      | Slain by an ogre

Action                   |  1- 3 |  4- 6 |  7- 9 || total
-------------------------+-------+-------+-------++-------
Melee: Whip              |    27 |    18 |       ||    45
       Dagger            |       |    42 |   138 ||   180
       Quarterstaff      |       |       |     9 ||     9
       Long sword        |       |       |     7 ||     7
Throw: Stone             |       |     2 |       ||     2
 Cast: Magic Dart        |    61 |    63 |    38 ||   162
       Searing Ray       |     4 |    21 |    20 ||    45
       Dazzling Spray    |       |     6 |    13 ||    19
       Iskenderun's Myst |       |       |     5 ||     5
Evoke: Wand              |       |       |     1 ||     1
  Use: Scroll            |     2 |     5 |     2 ||     9
       Potion            |       |       |     9 ||     9
 Stab: Sleeping          |       |     5 |     2 ||     7
       Invisible         |       |     3 |     3 ||     6
  Eat: Bread ration      |     1 |       |     1 ||     2
       Chunk             |       |     3 |     3 ||     6
       Meat ration       |       |       |     1 ||     1
       Pizza             |       |       |     1 ||     1
